[Event "*** Titled Tuesday Blitz"]
[Site "Chess.com"]
[Date "2021.04.20"]
[Round "2"]
[White "Vuk2000"]
[Black "ukchessbomber"]
[Result "1/2-1/2"]
[WhiteElo "2748"]
[BlackElo "2519"]
[TimeControl "180+1"]
[EndTime "10:17:47 PDT"]
[Termination "Game drawn by repetition"]

1. d4 Nf6 2. Bg5 d5 3. Bxf6 exf6 4. e3 Bd6 5. c4 dxc4 6. Bxc4 Kf8 7. Nc3 g6 8. Nf3 Kg7 9. O-O c6 10. Rb1 b5 11. Bd3 Nd7 12. Qc2 Nb6 13. Ne4 Bb7 14. Nxd6 Qxd6 15. Rfc1 Nd5 16. Qc5 Qxc5 17. Rxc5 Nb4 18.
Be2 Nxa2 19. Nd2 Nb4 20. Bf3 Nd3 21. Rc3 Nb4 22. Ne4 Rhd8 23. Nc5 Bc8 24. Nd3 Nxd3 25.
Bxc6 Bf5 26. e4 Nf4 27. Bxa8 Ne2+ 28. Kf1 Nxc3 29. bxc3 Rxa8 30. exf5 Rc8 31. Rxb5 Rxc3 32. Ke2 Kf8 33. Ra5 Rc2+ 34. Ke3 Rc3+ 35. Ke4 Rc2 36. Ke3 Rc3+ 37. Kd2 Rc7 38. Kd3 Ke7 39. g4 Kd6 40.
Ra6+ Ke7 41. Ke4 Rd7 42. d5 Rb7 43. fxg6 fxg6 44. f3 Rb4+ 45. Ke3 Rb3+ 46. Kf4 Rb4+ 47. Ke3 Rb3+ 48. Ke4 Rb4+ 49. Kd3 Rb3+ 50. Ke2 Rb2+ 51.
Ke3 Rb3+ 1/2-1/2

[Event "*** Titled Tuesday Blitz"]
[Site "Chess.com"]
[Date "2021.04.20"]
[Round "2"]
[White "amintabatabaei"]
[Black "chess94cu"]
[Result "1-0"]
[WhiteElo "2983"]
[BlackElo "2603"]
[TimeControl "180+1"]
[EndTime "10:17:48 PDT"]
[Termination "amintabatabaei won by resignation"]

1. e4 c5 2. Nc3 Nc6 3. f4 g6 4. Nf3 Bg7 5. Bb5 e6 6. Bxc6 dxc6 7. O-O Ne7 8. Qe2 O-O 9. b3 b6 10. e5 Nf5 11. Bb2 a5 12. d3 Nd4 13. Qf2 f5 14. Na4 Rb8 15. Nxd4 cxd4 16. Qxd4 Qxd4+ 17. Bxd4 c5 18. Be3 Bd7 19. Nc3 Bc6 20. a4 Rfd8 21. Nb5 Rd7 22. Rfe1 Rbd8 23. Kf2 Bf8 24. Na3 Kf7 25. Nc4 Rb8 26. Rg1 Be7 27. h3 Bh4+ 28.
g3 Be7 29. Ke2 Rdb7 30. g4 Rh8 31. Bf2 Bd5 32. Ne3 Bc6 33. gxf5 exf5 34. h4 Rg8 35. h5 Ke6 36. hxg6 Rxg6 37. Rxg6+ hxg6 38. Rg1 Kf7 39. e6+ Kxe6 40. Rxg6+ Kd7 41. Nxf5 Bf8 42. Rf6 Rb8 43. d4 Re8+ 44. Kd2 cxd4 45. Bxd4 Kc7 46. Be5+ Kb7 47. Bd6 Rd8 48. Rxf8 1-0

[Event "*** Titled Tuesday Blitz"]
[Site "Chess.com"]
[Date "2021.04.20"]
[Round "2"]
[White "IngOscarArdila"]
[Black "alexgo05"]
[Result "0-1"]
[WhiteElo "2304"]
[BlackElo "2500"]
[TimeControl "180+1"]
[EndTime "10:17:48 PDT"]
[Termination "alexgo05 won on time"]

1. d4 Nf6 2. c4 d6 3. Nf3 Nbd7 4. Nc3 e5 5. d5 g6 6. e4 Bg7 7. Be2 O-O 8. O-O Nc5 9. Qc2 a5 10. Bg5 h6 11. Bh4 Qe8 12. Nd2 Nh7 13. b3 h5 14.
f3 Bh6 15. Rab1 Bd7 16. Bf2 Qe7 17. a3 h4 18. b4 axb4 19. axb4 Na4 20. Ra1 Nxc3 21.
Qxc3 f5 22. exf5 gxf5 23. c5 Kh8 24. cxd6 cxd6 25. Nc4 Rxa1 26. Qxa1 Rg8 27. Kh1 Bb5 28. Qa5 Bxc4 29. Bxc4 Qg5 30. Rg1 Qd2 31. Be1 Qd4 32. Qa2 Be3 33. Rf1 Rc8 34. Be2 Nf6 35. Qb1 Qf4 36.
Bd3 Rc1 37. Qb3 Nh5 38. Be2 Rxe1 39. Rxe1 Ng3+ 40. hxg3 hxg3 41. Qc4 Qh6+ 0-1

[Event "*** Titled Tuesday Blitz"]
[Site "Chess.com"]
[Date "2021.04.20"]
[Round "2"]
[White "VD_coach"]
[Black "Jungle_Jaguar"]
[Result "0-1"]
[WhiteElo "2497"]
[BlackElo "2722"]
[TimeControl "180+1"]
[EndTime "10:17:49 PDT"]
[Termination "Jungle_Jaguar won on time"]

1. Nf3 d5 2. g3 g6 3. Bg2 Bg7 4.
d4 c6 5. O-O Nf6 6. c4 O-O 7.
cxd5 cxd5 8. Nc3 Bf5 9. Ne5 Nc6 10. Bf4 Rc8 11. Rc1 Qa5 12. a3 Rfd8 13. Nxc6 Rxc6 14.
Be5 Rdc8 15. Qb3 Rb6 16. Qa2 e6 17. Bxf6 Bxf6 18. b4 Qa6 19. Ne4 Rxc1 20. Nxf6+ Kg7 21. Ne8+ Kf8 22. Rxc1 Kxe8 23. Qd2 Qxa3 24. Rc8+ Kd7 25. Rc1 Rxb4 26. g4 Rb1 27. Rxb1 Bxb1 28. Qf4 f5 29. gxf5 Bxf5 30. h3 g5 31. Qxg5 Qa1+ 32. Kh2 Qxd4 33. Qg8 Qe5+ 34. Kg1 Qa1+ 35. Kh2 Qe5+ 36.
Kg1 Qxe2 37. Qf7+ Kc6 38. Qf8 Qe1+ 39. Kh2 Qxf2 40. Qc8+ Kb6 41. Qd8+ Ka6 42. Qd6+ Kb5 43. Qd7+ Kc4 44. Qxb7 Be4 45. Qa6+ Kb3 46. Qb5+ Kc2 47.
Qc5+ Qxc5 0-1

[Event "*** Titled Tuesday Blitz"]
[Site "Chess.com"]
[Date "2021.04.20"]
[Round "2"]
[White "Skat2704"]
[Black "ferch1ni"]
[Result "1-0"]
[WhiteElo "2669"]
[BlackElo "2429"]
[TimeControl "180+1"]
[EndTime "10:17:49 PDT"]
[Termination "Skat2704 won by resignation"]

1. d4 Nf6 2. c4 g6 3. Nf3 d5 4. e3 Bg7 5. Nc3 O-O 6. cxd5 Nxd5 7. Bc4 Nb6 8. Bb3 a5 9. O-O a4 10. Bc2 a3 11. b3 Na6 12. Bxa3 Re8 13. Rc1 Bd7 14.
Bb1 Nb8 15. Bb2 Nc6 16. h3 Na7 17. Qe2 c6 18. Rfd1 Qc8 19. Ne4 Bf5 20. Nc5 Bxb1 21. Rxb1 Nd7 22. Rbc1 Nxc5 23. dxc5 Bxb2 24. Qxb2 Nb5 25.
a4 Nc7 26. e4 Qe6 27. Ng5 Qf6 28. Qxf6 exf6 29. Rd7 fxg5 30. Rxc7 Rab8 31. f3 Kf8 32.
Rd1 Re7 33. Rdd7 Rxd7 34. Rxd7 Ke8 35. Rc7 b6 36. Rxc6 bxc5 37. Rxc5 Rxb3 38. Rxg5 Ra3 39. Ra5 Ke7 40. Ra7+ Ke6 41. a5 h5 42. h4 Kf6 43.
Kf2 Ke6 44. Kg3 Ra2 45. a6 Kf6 46. f4 Ra3+ 47. Kf2 Ra4 48. Ke3 Ra2 49. g3 Ra3+ 50. Kd4 Rxg3 51. Rb7 Ra3 52. a7 Ke6 53. Kc5 f6 54.
Kc6 Rc3+ 55. Kb6 Rb3+ 56. Kc7 Ra3 57. Kb8 g5 58. hxg5 fxg5 59. fxg5 h4 60. a8=Q Rxa8+ 61. Kxa8 1-0

[Event "*** Titled Tuesday Blitz"]
[Site "Chess.com"]
[Date "2021.04.20"]
[Round "2"]
[White "HouseOfDurin"]
[Black "lamomiablanca"]
[Result "0-1"]
[WhiteElo "2122"]
[BlackElo "2410"]
[TimeControl "180+1"]
[EndTime "10:17:49 PDT"]
[Termination "lamomiablanca won on time"]

1. d4 d5 2. Bg5 Nf6 3. Bxf6 exf6 4. e3 c6 5. c4 dxc4 6. Bxc4 Bd6 7. Nc3 O-O 8. Nge2 Nd7 9. g3 f5 10. Bd3 Nf6 11. Qc2 g6 12. O-O Be6 13. Rfd1 Qe7 14. a3 Nd5 15. Nxd5 Bxd5 16. Nc3 Bf3 17. Be2 Bxe2 18. Qxe2 Rfe8 19. b4 a5 20. b5 Bxa3 21.
bxc6 bxc6 22. Ra2 Bb4 23. Na4 Rad8 24. Qc2 Qe6 25. Rc1 h5 26. h4 f4 27. gxf4 Qg4+ 28.
Kf1 Qxh4 29. Qxc6 Qg4 30. Qg2 Qe6 31. Rac2 Qb3 32. Nc5 Bxc5 33. Rxc5 a4 34. Rxh5 a3 35. f5 Qd3+ 36. Kg1 a2 37. fxg6 fxg6 38. Rg5 Rd6 39.
Kh2 Qb1 40. Rc7 a1=Q 41. Kg3 Qg1 42. Rcc5 Qxg2+ 43. Kxg2 Qa8+ 44. Kg3 Qd8 0-1

[Event "*** Titled Tuesday Blitz"]
[Site "Chess.com"]
[Date "2021.04.20"]
[Round "2"]
[White "LenkaPtacnikova"]
[Black "kuhlmann"]
[Result "0-1"]
[WhiteElo "2175"]
[BlackElo "2419"]
[TimeControl "180+1"]
[EndTime "10:17:50 PDT"]
[Termination "kuhlmann won on time"]

1. c4 a5 2. g3 g6 3. Bg2 Bg7 4.
d4 d6 5. Nc3 Nd7 6. e4 e5 7.
Nf3 Ngf6 8. O-O O-O 9. Re1 c6 10. d5 Nc5 11. dxc6 bxc6 12. Bg5 h6 13. Be3 Ncxe4 14. Nxe4 Nxe4 15. Nxe5 Nxf2 16. Kxf2 Bxe5 17. Bxc6 Rb8 18. b3 Qf6+ 19. Kg2 Bxa1 20. Qxa1 Qxa1 21. Rxa1 Bb7 22. Bxb7 Rxb7 23. Bxh6 Re8 24. Kf3 f6 25. Bf4 Re6 26. Rd1 Rb6 27. h4 Kf7 28. Rd5 a4 29. Rd3 axb3 30. axb3 Ke7 31. Bd2 Re5 32. b4 Rc6 33. Rd4 Rf5+ 34. Ke2 Ra6 35. b5 Ra2 36. g4 Re5+ 37. Kd3 Ke6 38. Bf4 Ra3+ 39. Kd2 Ra2+ 40. Kd3 Re1 41. Rxd6+ Ke7 42. Rc6 Rf2 43. Bd6+ Kd7 44. Bc5 Rf3+ 45. Kd2 Rb1 46. Bd4 Rf4 47. Ke3 Rxg4 48. Bxf6 Rc1 49. Kd3 Rg3+ 50. Kd4 Rg4+ 51. Kd5 Rd1+ 52. Kc5 Rc1 53. Kb4 Rf4 54. Bg5 Rb1+ 55.
Ka5 Rf2 56. Kb6 Rc2 57. Kb7 Rb4 0-1

[Event "*** Titled Tuesday Blitz"]
[Site "Chess.com"]
[Date "2021.04.20"]
[Round "2"]
[White "Volodar_Murzin"]
[Black "SHIVACalypso"]
[Result "1-0"]
[WhiteElo "2713"]
[BlackElo "2452"]
[TimeControl "180+1"]
[EndTime "10:17:51 PDT"]
[Termination "Volodar_Murzin won by resignation"]

1. e4 e6 2. d4 d5 3. Nc3 Nf6 4.
e5 Nfd7 5. Nce2 c5 6. c3 Nc6 7.
Nf3 Be7 8. g3 O-O 9. Bg2 b5 10.
a3 a5 11. O-O Ba6 12. Re1 b4 13. Nf4 bxc3 14. bxc3 cxd4 15. cxd4 Nb6 16. h4 a4 17.
Nh5 Na5 18. Bg5 Nb3 19. Ra2 Rc8 20. Qb1 Rc3 21. Nf4 Nc4 22. Bxe7 Qxe7 23. Ng5 g6 24.
Bxd5 Nxd4 25. Qe4 Nf5 26. Nfxe6 fxe6 27. Nxe6 Nxg3 28. Nxf8+ Kxf8 29. fxg3 Rxg3+ 30. Kh2 Rc3 31. Rf2+ Kg7 32. Rf7+ Qxf7 33. Bxf7 Kxf7 34. Rd1 Re3 35. Qd5+ Ke7 36. Qc5+ Kf7 37. Rd7+ Ke6 38. Rd6+ Kf5 39. Rxa6 Rxe5 40. Qxc4 1-0

[Event "*** Titled Tuesday Blitz"]
[Site "Chess.com"]
[Date "2021.04.20"]
[Round "2"]
[White "parintele_chess"]
[Black "Enriquack"]
[Result "0-1"]
[WhiteElo "2228"]
[BlackElo "2450"]
[TimeControl "180+1"]
[EndTime "10:17:53 PDT"]
[Termination "Enriquack won by checkmate"]

1. e4 c5 2. Nf3 e6 3. g3 Nc6 4. Bg2 Be7 5. O-O Nf6 6. d3 d6 7. a4 O-O 8. b3 Rb8 9. Bb2 b6 10. Nbd2 Bb7 11. Nc4 Ba8 12. e5 dxe5 13. Nfxe5 Nxe5 14. Bxe5 Bxg2 15. Kxg2 Rc8 16. Qf3 Nd5 17.
Bb2 f6 18. Qe4 e5 19. Ne3 Nb4 20. Qc4+ Kh8 21. Rfd1 Qd7 22. c3 Qb7+ 23. f3 Nc6 24.
Nf5 Rfe8 25. Qf7 Rg8 26. d4 cxd4 27. cxd4 Nxd4 28. Bxd4 Rc2+ 29. Bf2 Rxf2+ 30. Kh3 Qc8 31. g4 Qc2 32. Rh1 Rxf3+ 33. Kh4 Qf2+ 34. Ng3 Bd8 35.
Rad1 f5+ 36. Rxd8 Rxd8 37. gxf5 Rf4+ 38. Kh3 Qf3 39. Rf1 Qg4+ 40. Kg2 Rd2+ 41. Kg1 Rxf1+ 42.
Kxf1 Qf4+ 43. Kg1 Qf2+ 44. Kh1 Qg2# 0-1

[Event "*** Titled Tuesday Blitz"]
[Site "Chess.com"]
[Date "2021.04.20"]
[Round "2"]
[White "Cptn2"]
[Black "champ2005"]
[Result "0-1"]
[WhiteElo "2604"]
[BlackElo "3003"]
[TimeControl "180+1"]
[EndTime "10:17:55 PDT"]
[Termination "champ2005 won by resignation"]

1. e4 g6 2. Nf3 Bg7 3. d4 d6 4. Bd3 Bg4 5. c3 Nd7 6. h3 Bxf3 7. Qxf3 e5 8. d5 Ne7 9. h4 h5 10. Bg5 Bh6 11. Bf6 Nxf6 12. Qxf6 O-O 13. Nd2 Nc8 14. Qf3 Qd7 15. O-O-O Kg7 16. Rdg1 Qg4 17. Qxg4 hxg4 18. h5 Ne7 19. hxg6 fxg6 20. Rf1 Ng8 21. Kd1 Nf6 22. Nc4 Nh5 23. g3 Nf6 24. Ke2 Bg5 25. a4 Rf7 26. b4 Raf8 27. Na5 Rb8 28. c4 Nh5 29. c5 Be7 30. c6 b6 31. Nc4 Rbf8 32.
b5 Rxf2+ 33. Rxf2 Nxg3+ 34. Ke1 Nxh1 35. Rxf8 Kxf8 36. Ne3 Bh4+ 37. Kf1 Nf2 38. Bc2 Ke7 39. Kg2 Kf6 40. Nf1 Kg5 41. Ng3 Bxg3 42. Kxg3 Nh3 43.
Bd3 Nf4 44. Bf1 Nh5+ 45. Kf2 Kf4 46. Bg2 Nf6 47. Ke2 Nxe4 0-1

[Event "*** Titled Tuesday Blitz"]
[Site "Chess.com"]
[Date "2021.04.20"]
[Round "2"]
[White "Matols"]
[Black "muchojogo"]
[Result "0-1"]
[WhiteElo "2262"]
[BlackElo "2465"]
[TimeControl "180+1"]
[EndTime "10:17:55 PDT"]
[Termination "muchojogo won on time"]

1. d4 Nf6 2. c4 c5 3. d5 b5 4. cxb5 a6 5. bxa6 g6 6. Nc3 Bg7 7. Nf3 O-O 8. g3 d6 9. Bg2 Bxa6 10. O-O Nfd7 11. Rb1 Nb6 12. Nd2 Bc8 13. Re1 Bf5 14. e4 Bc8 15. Qc2 Na6 16. a3 Nc7 17. b4 cxb4 18.
axb4 Bd7 19. Bb2 Qb8 20. Ra1 Rc8 21. Qb3 Nb5 22. Nxb5 Bxb5 23. Bxg7 Kxg7 24. Qb2+ f6 25. Nb3 Nc4 26. Qd4 Rxa1 27. Rxa1 Rc7 28. Na5 Ne5 29. f4 Nd7 30. Nc6 Bxc6 31. dxc6 Rxc6 32. e5 Rb6 33. exf6+ Nxf6 34. Re1 Kf8 35. Rb1 Qc7 36.
b5 Qc2 37. Qb2 Qc5+ 38. Kh1 Kg8 39. Bc6 Ng4 40. Qb3+ Kg7 41. Qb2+ Kh6 42. Kg2 Ne3+ 43. Kh1 Ng4 44. Kg2 Ne3+ 45. Kh1 Nf5 46. Rc1 Qe3 47.
Qc2 Nd4 48. Qc3 Qf2 49. f5 Ne2 50. Qd2+ g5 0-1

[Event "*** Titled Tuesday Blitz"]
[Site "Chess.com"]
[Date "2021.04.20"]
[Round "2"]
[White "Trickov"]
[Black "ajedrez1101"]
[Result "1-0"]
[WhiteElo "2412"]
[BlackElo "2145"]
[TimeControl "180+1"]
[EndTime "10:17:55 PDT"]
[Termination "Trickov won by resignation"]

1. d4 b6 2. Nf3 Bb7 3. g3 Bxf3 4.
exf3 e6 5. Bg2 d5 6. f4 Nf6 7.
O-O Nc6 8. Re1 Be7 9. c3 Kf8 10. Nd2 Kg8 11. Nf3 h6 12. Ne5 Nxe5 13. fxe5 Nd7 14. Qd3 g6 15. Be3 Kg7 16. Qd2 c5 17. h4 h5 18. c4 dxc4 19. Bxa8 Qxa8 20. Rad1 b5 21. Bg5 Bxg5 22. Qxg5 Rf8 23. Qe7 Qc6 24. d5 exd5 25. e6 Nf6 26. Re5 Qe8 27. Qxc5 fxe6 28. Qxa7+ Rf7 29. Qd4 Qe7 30. Rde1 Qb4 31.
Rxe6 Qa4 32. a3 Qc2 33. R6e2 Qf5 34. Re5 Qf3 35. R1e3 Qg4 36. Rxd5 Kh7 37. Qxg4 Nxg4 38. Re8 Nxf2 39. Rxb5 Nd3 40. Reb8 Re7 41. R8b7 Rxb7 42.
Rxb7+ Kg8 43. a4 Kf8 44. a5 Nc5 45. Rc7 Na6 46. Rxc4 Ke7 47. Rc6 Nb4 48. Rxg6 Kf7 49. Rg5 Kf6 50. Rxh5 Kg6 51. Rb5 Kf6 52. Rxb4 1-0

[Event "*** Titled Tuesday Blitz"]
[Site "Chess.com"]
[Date "2021.04.20"]
[Round "2"]
[White "kleopl"]
[Black "Margency"]
[Result "0-1"]
[WhiteElo "2497"]
[BlackElo "2720"]
[TimeControl "180+1"]
[EndTime "10:17:56 PDT"]
[Termination "Margency won by checkmate"]

1. c4 e6 2. Nc3 d5 3. d4 c5 4. cxd5 exd5 5. Nf3 Nc6 6. g3 Nf6 7. Bg2 Be7 8. O-O O-O 9. b3 Ne4 10. Bb2 Bf6 11. e3 cxd4 12. Nxd4 Bxd4 13. exd4 Nxc3 14. Bxc3 Bf5 15. Re1 Qd7 16. Qd2 Rfe8 17. Qf4 Bh3 18. Bf3 Bf5 19. h4 h6 20. Rad1 Rac8 21. Rxe8+ Rxe8 22. Re1 Rxe1+ 23. Bxe1 Qe6 24. Qe3 Be4 25. Bxe4 dxe4 26. Bc3 Ne7 27. Qf4 Nd5 28. Qb8+ Kh7 29. Bd2 e3 30. Bxe3 Nxe3 31. fxe3 Qxe3+ 32. Kg2 Qe4+ 33. Kh2 Qc2+ 34. Kh3 Qf5+ 35. Kh2 Qc2+ 36. Kh3 Qb1 37. Qxb7 Qxa2 38. Qxf7 Qc2 39. d5 Qb1 40. Qe6 Qh1+ 41. Kg4 h5+ 42. Kxh5 Qf3+ 43. g4 Qxb3 44. Qc8 Qxd5+ 45. g5 Qf3+ 46. Qg4 g6# 0-1

[Event "*** Titled Tuesday Blitz"]
[Site "Chess.com"]
[Date "2021.04.20"]
[Round "2"]
[White "Shahaliyev"]
[Black "CM_rui"]
[Result "1-0"]
[WhiteElo "2685"]
[BlackElo "2472"]
[TimeControl "180+1"]
[EndTime "10:17:56 PDT"]
[Termination "Shahaliyev won by checkmate"]

1. e4 e5 2. Nf3 Nc6 3. Bb5 a6 4. Ba4 Nf6 5. d3 b5 6. Bb3 Be7 7. a4 b4 8. O-O O-O 9. Re1 d6 10. h3 Na5 11. Ba2 c5 12. Bg5 Rb8 13.
Nbd2 Nd7 14. Be3 Nb6 15. Qb1 Bf6 16. Nb3 Nxb3 17. Bxb3 a5 18. Qa2 Qc7 19. Nd2 g6 20. Nc4 Bg7 21. Nxa5 Ra8 22. Nc4 Bd7 23. a5 Nxc4 24.
Bxc4 Bc8 25. a6 Kh8 26. c3 bxc3 27. bxc3 f5 28. Qa5 Qe7 29. a7 Be6 30. Bg5 Qf7 31. Bxe6 Qxe6 32. Qc7 f4 33. Reb1 h6 34. Be7 Rfe8 35.
Rb8 Kh7 36. Rxe8 Rxe8 37. Bd8 f3 38. a8=Q g5 39. Qd5 Qg6 40. Qdf7 Qxf7 41. Qxf7 Rxd8 42.
Ra7 Rg8 43. Qf5+ Kh8 44. Qg6 fxg2 45. Kxg2 Bf8 46. Qh7# 1-0

[Event "*** Titled Tuesday Blitz"]
[Site "Chess.com"]
[Date "2021.04.20"]
[Round "2"]
[White "PchelkinVK"]
[Black "DanielTitichoca"]
[Result "1-0"]
[WhiteElo "2643"]
[BlackElo "2276"]
[TimeControl "180+1"]
[EndTime "10:17:56 PDT"]
[Termination "PchelkinVK won by checkmate"]

1. d4 Nf6 2. Nc3 d5 3. Bf4 a6 4. Nf3 e6 5. a3 c5 6. e3 Nc6 7. Bd3 Bd6 8. dxc5 Bxc5 9. O-O O-O 10. Qe2 Bd6 11. Bg5 h6 12. Bh4 Be7 13. Rad1 Qc7 14.
e4 d4 15. e5 dxc3 16. exf6 Bxf6 17. Bxf6 gxf6 18. Qe4 f5 19. Qh4 Kg7 20. bxc3 Ne7 21. Qd4+ Kh7 22. Rfe1 Ng6 23. h4 Rg8 24. g3 b5 25. Qf6 Rg7 26. Kf1 Bb7 27. Nd4 Qxc3 28. h5 Nf8 29. Re3 Nd7 30. Bxf5+ Kg8 31. Qxg7+ Kxg7 32. Rxc3 exf5 33. Nxf5+ Kf6 34. Rxd7 Be4 35. Nxh6 Re8 36.
Ng4+ Kg5 37. Ne3 Bf3 38. Rxf7 Bxh5 39. Rf5+ Kg6 40. Rc6+ Kg7 41. Rg5+ Kf7 42. Rxh5 b4 43. Rf5+ Ke7 44. Re5+ Kd7 45. Rxe8 a5 46. Ree6 a4 47. Ra6 b3 48. Rh6 b2 49. Rh7+ Kc8 50. Ra8# 1-0

[Event "*** Titled Tuesday Blitz"]
[Site "Chess.com"]
[Date "2021.04.20"]
[Round "2"]
[White "profofchess"]
[Black "GoltsevDmitry2000"]
[Result "0-1"]
[WhiteElo "2500"]
[BlackElo "2728"]
[TimeControl "180+1"]
[EndTime "10:17:57 PDT"]
[Termination "GoltsevDmitry2000 won on time"]

1. e4 c5 2. Nf3 e6 3. c3 Nc6 4. d4 cxd4 5. cxd4 d5 6. e5 Nge7 7. Bd3 Nf5 8. Be3 Qb6 9. Qd2 Bd7 10. Nc3 Nfxd4 11. Nxd4 Nxd4 12. O-O Bc5 13. b4 Qxb4 14. Rab1 Qa5 15. Rxb7 Bc6 16. Rb2 Rc8 17. Bb1 Nf5 18.
Bxc5 Qxc5 19. Bxf5 exf5 20. Ne2 O-O 21. Nd4 Bd7 22.
f4 Rb8 23. Kh1 Rfc8 24. Rd1 g6 25. h3 Ba4 26. Rxb8 Rxb8 27. Nb3 Bxb3 28. axb3 Rxb3 29. Qxd5 Qxd5 30. Rxd5 Rb4 31. g3 Rb7 32. Ra5 Kf8 33. Ra6 Ke7 34. h4 Kd7 35. Rf6 Kc8 36. Ra6 Kb8 37.
Kg2 Rb6 38. Ra5 Kb7 39. Kh3 a6 40. h5 Rc6 41. h6 Kb6 42. Ra3 a5 43. Kh4 Kb5 44.
Kg5 Kb4 45. Rd3 a4 46. Rd7 a3 47. Rb7+ Kc3 48. Ra7 Kb2 49. Rb7+ Kc3 50. Ra7 Kb4 51.
Rb7+ Ka5 0-1

[Event "*** Titled Tuesday Blitz"]
[Site "Chess.com"]
[Date "2021.04.20"]
[Round "2"]
[White "Ermito2020"]
[Black "MaxLeto"]
[Result "1-0"]
[WhiteElo "2597"]
[BlackElo "2325"]
[TimeControl "180+1"]
[EndTime "10:17:57 PDT"]
[Termination "Ermito2020 won on time"]

1. e4 c5 2. Nf3 d6 3. d4 cxd4 4. Nxd4 Nf6 5. Nc3 a6 6. h4 b5 7.
a4 b4 8. Nd5 Nxe4 9. Qf3 Nc5 10. Nxb4 Bb7 11. Qg3 e5 12. Nf5 g6 13. Ne3 Ne4 14.
Qh3 d5 15. Nd3 Bg7 16. h5 Nc6 17. Be2 Nd4 18. Bd1 Rc8 19. c3 Ne6 20. Ng4 N6g5 21.
Qh4 gxh5 22. Qxh5 h6 23. O-O Qd6 24. Qh2 f6 25. f4 Nf7 26. fxe5 fxe5 27. Qh5 O-O 28. Be3 Rce8 29. Bf3 Bc8 30. Bxe4 dxe4 31. Ndf2 Ng5 32. Bxg5 hxg5 33. Nxe4 Qb6+ 34. Kh2 Rf7 35.
Qxf7+ Kh7 36. Qh5+ Bh6 37. Qxe8 Bxg4 38. Rf7+ Bg7 39. Nf6+ Kg6 40. Nxg4 1-0

[Event "*** Titled Tuesday Blitz"]
[Site "Chess.com"]
[Date "2021.04.20"]
[Round "2"]
[White "gisela_roque"]
[Black "Redzishchess"]
[Result "0-1"]
[WhiteElo "1798"]
[BlackElo "2366"]
[TimeControl "180+1"]
[EndTime "10:17:57 PDT"]
[Termination "Redzishchess won by resignation"]

1. e4 c5 2. b3 Nc6 3. Bb2 e5 4. Nc3 g6 5. Bc4 Bg7 6. Nf3 Nge7 7. O-O O-O 8. d3 d6 9. h3 h6 10. Qd2 Kh7 11. Ne1 f5 12. f4 exf4 13. Rxf4 g5 14.
Rf1 Bd4+ 15. Kh1 fxe4 16. Rxf8 Qxf8 17. Qe2 Nf5 18. Qxe4 Kh8 19. Qf3 Ng3+ 20. Kh2 Nf1+ 21. Kh1 Bd7 22. Na4 Nd2 23. Bxd4+ Nxd4 24. Qxf8+ Rxf8 25. Nf3 N2xf3 26. gxf3 Rxf3 27. Kg2 Bxh3+ 28. Kh2 g4 29.
Bd5 Rf2+ 30. Kg3 Rxc2 31. Bxb7 Ne2+ 32. Kh2 h5 33. Re1 Kg7 34. b4 Nc3+ 35. Kg3 Nxa4 36. Kh4 cxb4 37. Bd5 Kf6 38. Re6+ Kf5 39. Rxd6 Bf1 40. Be4+ Kf4 41. Rf6+ Ke5 42. Rxf1 Kd4 43. Rf5 Nc3 44. Rxh5 Nxa2 45. Kxg4 Rc5 46. Rh6 b3 47. Rd6+ Kc3 48. Ra6 Nb4 49. Rxa7 Nxd3 50. Rb7 Nf2+ 51. Kf3 Nxe4 52. Kxe4 b2 53. Ke3 Kc2 54. Rb8 b1=Q 55.
Rxb1 Kxb1 56. Kd4 Rc8 57. Kd5 Kb2 58. Kd6 Kb3 0-1

[Event "*** Titled Tuesday Blitz"]
[Site "Chess.com"]
[Date "2021.04.20"]
[Round "2"]
[White "Vaathi_Coming"]
[Black "sorrm8thatscheckm8"]
[Result "1-0"]
[WhiteElo "2909"]
[BlackElo "2584"]
[TimeControl "180+1"]
[EndTime "10:17:59 PDT"]
[Termination "Vaathi_Coming won by resignation"]

1. Nf3 Nf6 2. b3 g6 3. Bb2 Bg7 4. g3 O-O 5. Bg2 d5 6. O-O c5 7. e3 Nc6 8. c4 d4 9. exd4 Nxd4 10. Nxd4 cxd4 11. Re1 Bg4 12. Bf3 Qd7 13. d3 h5 14.
Nd2 Rab8 15. b4 Rfe8 16. a4 a5 17. b5 Qf5 18. Qe2 e5 19. Bxg4 hxg4 20. c5 Nd5 21. Nc4 Nb4 22. Rad1 Bf8 23. Nxa5 Bxc5 24. Nc4 Kg7 25.
Ba3 Rh8 26. Qxe5+ Qxe5 27. Rxe5 Bf8 28. Re4 Ra8 29. Bb2 Bc5 30. a5 Rhe8 31. Bxd4+ Bxd4 32. Rxd4 Na2 33. Rxg4 Nc3 34. Rd2 Nxb5 35. Rb2 Re1+ 36. Kg2 Nc3 37. Rxb7 Ne2 38. Re4 Rg1+ 39. Kf3 Nc3 40.
Ree7 Rf8 41. a6 Nd5 42. Red7 Nf6 43. Rd6 Ra1 44. a7 Ne8 45. Rd8 1-0

[Event "*** Titled Tuesday Blitz"]
[Site "Chess.com"]
[Date "2021.04.20"]
[Round "2"]
[White "Ladislav1969"]
[Black "Grandmaster2B"]
[Result "1/2-1/2"]
[WhiteElo "2329"]
[BlackElo "2551"]
[TimeControl "180+1"]
[EndTime "10:17:59 PDT"]
[Termination "Game drawn - insufficient material"]

1. e4 c5 2. d4 cxd4 3. c3 dxc3 4. Nxc3 Nc6 5. Nf3 e6 6. Bf4 Bb4 7. Rc1 Nf6 8. e5 Nd5 9. Bd2 Nxc3 10. bxc3 Be7 11.
Bd3 d5 12. h4 f6 13. exf6 Bxf6 14. Ng5 Bxg5 15. hxg5 Qe7 16. Bxh7 Kd8 17. Rh5 Kc7 18. c4 d4 19. Be4 Bd7 20. g6 Raf8 21. Rh7 Rxh7 22. gxh7 Qh4 23. Qe2 Rxf2 24. Qxf2 Qxe4+ 25. Kf1 Qxh7 26. Qg3+ e5 27. Re1 Qc2 28. Rxe5 Qxc4+ 29. Re2+ Kb6 30. Qxg7 Bf5 31. Kf2 d3 32. Be3+ Ka6 33.
Rb2 b6 34. Qf6 Qe6 35. Qxe6 Bxe6 36. Kf3 Ne5+ 37. Ke4 Nc4 38. Rb1 d2 39. Rd1 Bf5+ 40.
Kf4 Bc2 41. Rxd2 Nxd2 42. Bxd2 Bb1 43. a3 Kb5 44. Bb4 Ka4 45. g4 a5 46. Be7 b5 47.
g5 Bh7 48. Ke5 Kb3 49. Kf6 Bd3 50. g6 Bxg6 51. Kxg6 b4 52. axb4 axb4 53. Bxb4 1/2-1/2

[Event "*** Titled Tuesday Blitz"]
[Site "Chess.com"]
[Date "2021.04.20"]
[Round "2"]
[White "UnknownxArmy"]
[Black "VladaSviridova"]
[Result "1-0"]
[WhiteElo "2465"]
[BlackElo "2265"]
[TimeControl "180+1"]
[EndTime "10:17:59 PDT"]
[Termination "UnknownxArmy won by resignation"]

1. d4 d5 2. c4 c6 3. Nf3 Nf6 4. e3 Bf5 5. Nc3 e6 6. Bd3 Bxd3 7. Qxd3 Nbd7 8. O-O Be7 9. e4 dxe4 10. Nxe4 Nxe4 11.
Qxe4 Nf6 12. Qe2 O-O 13. h3 c5 14. dxc5 Bxc5 15. b3 Qe7 16. Bb2 Rfd8 17. Rfe1 h6 18. Qc2 Ba3 19. Be5 Rd7 20. Nd4 Rad8 21. Rad1 a6 22. Rd3 Bd6 23. Bxd6 Qxd6 24. Red1 Qb4 25.
Nf3 Rxd3 26. Rxd3 Rxd3 27. Qxd3 Qa3 28. Qd2 Qe7 29. Ne5 Ne4 30. Qe3 Nc5 31. Nf3 Nd7 32. Qa7 Nf6 33. Qb8+ Kh7 34. Qe5 Qd7 35. Kh2 Qc8 36.
Nd4 Nd7 37. Qd6 Nf6 38. c5 Nd7 39. b4 Qb8 40. Qxb8 Nxb8 41. Kg3 Nc6 42. Nxc6 bxc6 43. Kf4 Kg6 44. Ke5 Kg5 45. Kd6 Kf5 46. Kxc6 e5 47. Kd6 e4 48. c6 1-0

[Event "*** Titled Tuesday Blitz"]
[Site "Chess.com"]
[Date "2021.04.20"]
[Round "2"]
[White "KeithArkell"]
[Black "mishanick"]
[Result "0-1"]
[WhiteElo "2602"]
[BlackElo "2973"]
[TimeControl "180+1"]
[EndTime "10:18:01 PDT"]
[Termination "mishanick won on time"]

1. d4 Nf6 2. Nf3 d5 3. c4 e6 4. cxd5 exd5 5. Nc3 Bf5 6. Bg5 c6 7. e3 Nbd7 8. Bd3 Bxd3 9. Qxd3 Bd6 10. O-O O-O 11. Rfe1 Re8 12. Rab1 a5 13. Qc2 Qb6 14. Na4 Qb5 15. Bh4 Ne4 16. Nc3 Qc4 17. Nd2 Nxd2 18. Qxd2 a4 19. Rec1 Qa6 20. b4 b5 21. Re1 Nb6 22.
e4 Nc4 23. Qd3 dxe4 24. Nxe4 h6 25. Bg3 Bf8 26. Re2 Qb7 27. Rbe1 Qd7 28. Qc3 Re6 29. Nc5 Bxc5 30. dxc5 Rae8 31. Rxe6 Rxe6 32. Rxe6 fxe6 33. Bd6 e5 34. Qd3 Qg4 35. h3 Qe6 36. Qe4 Qd7 37. Qg6 Qf7 38. Qe4 Qd5 39. Qg6 e4 40. Qe8+ Kh7 41.
Qd7 e3 42. fxe3 Nxe3 43. Kf2 Nd1+ 44. Ke1 Ne3 45. Kf2 Nf5 0-1

[Event "*** Titled Tuesday Blitz"]
[Site "Chess.com"]
[Date "2021.04.20"]
[Round "2"]
[White "AEMEffi"]
[Black "shnitez"]
[Result "0-1"]
[WhiteElo "2315"]
[BlackElo "2528"]
[TimeControl "180+1"]
[EndTime "10:18:01 PDT"]
[Termination "shnitez won by resignation"]

1. d4 Nf6 2. c4 e6 3. Nc3 Bb4 4. e3 b6 5. f3 c5 6. d5 exd5 7. cxd5 d6 8. e4 O-O 9. Ne2 Nh5 10. Be3 f5 11. a3 Bxc3+ 12. Nxc3 fxe4 13. Nxe4 Bf5 14. Bd3 Nd7 15. O-O Ne5 16. Be2 Bxe4 17. fxe4 Rxf1+ 18.
Qxf1 Qh4 19. Qf5 Nf6 20. Bf3 Re8 21. Bg5 Nxf3+ 22. gxf3 Qh5 23. Bxf6 Qxf5 24. exf5 gxf6 25. Kf2 Re5 26. Rd1 Kf7 27. f4 Rxf5 28. Kf3 Rh5 29. Kg3 Rh6 30. h4 Rg6+ 31. Kf3 h5 32. Re1 Rg4 33. Re6 Rxh4 34. Rxd6 Rh3+ 35. Ke4 Kg6 36. Rd8 Rh2 37. d6 Rd2 38. f5+ Kg5 39. Ke3 Rd4 40. b4 Kxf5 41. bxc5 bxc5 42. d7 Rd5 43. Rh8 Rxd7 44. Rxh5+ Ke6 45. Rxc5 Rh7 46. Rc3 Rh3+ 47. Kd4 Rxc3 48. Kxc3 Kd5 49. Kd3 Kc5 50. Ke3 Kb5 51. Kf4 Ka4 52. Kf5 Kxa3 53. Kxf6 a5 54. Ke5 a4 55. Kd4 Kb2 56. Kd3 a3 0-1